 Dungeon Crawl Stone Soup version 0.29-a0-914-g906f1d757c (webtiles) character file.

Game seed: 15272818633154485057

25973 Gargoyl the Cleaver (level 13, -1/138 HPs)
             Began as a Gargoyle Berserker on July 26, 2022.
             Was a Priest of Trog.
             Engulfed by a cloud of flame (20 damage)
             ... in a volcano.
             The game lasted 00:23:33 (17749 turns).

Gargoyl the Cleaver (Gargoyle Berserker)           Turns: 17749, Time: 00:23:33

Health: -1/138     AC: 30    Str: 20 (21) XL:     13   Next: 23%
Magic:  13/13      EV:  2    Int:  7 (9)  God:    Trog [***...]
Gold:   678        SH:  0    Dex:  9 (11) Spells: 12/12 levels left

rFire   . . .      SeeInvis .   a - +4 hand axe (freeze)
rCold   . . .      Faith    .   F - +0 buckler
rNeg    + . .      Spirit   .   (body armour currently unavailable)
rPois   ∞          Reflect  .   (helmet currently unavailable)
rElec   .          Harm     .   (cloak currently unavailable)
rCorr   .          Rampage  .   (gloves currently unavailable)
Will    ++...      NoTele   +   (boots currently unavailable)
Stlth   +.........              (no amulet)
HPRegen 1.33/turn               b - +4 ring of protection
MPRegen 0.13/turn               p - +4 ring of evasion

@: confused, tree-form, ambrosia-drunk, strong-willed, regenerating
A: stationary, stasis, torment immunity, boosted hp, sickness immunity, AC +9,
negative energy resistance 1, (electricity resistance), torment resistance 1,
petrification resistance, (iridescent scales 1), robust 1, weak 1
a: Renounce Religion, Berserk, Trog's Hand


You were in a volcano.
You worshipped Trog.
Trog was most pleased with you.
You were a tree.
You visited 2 branches of the dungeon, and saw 14 of its levels.
You also visited: Volcano.

You collected 918 gold pieces.
You spent 240 gold pieces at shops.

Inventory:

Hand Weapons
 a - a +4 hand axe of freezing (weapon)
 h - a +2 dire flail of protection
 l - a +1 war axe
 q - a +1 hand axe of flaming
 v - a +5 falchion
 y - a +1 vorpal flail
 J - a +2 trident of venom
 O - a +3 hand axe of venom
Missiles
 s - 13 poisoned darts (quivered)
 I - a throwing net
Armour
 D - a +1 pair of boots (melded)
 F - a +0 buckler (worn)
 K - the +2 helmet "Akiutais" (melded) {Str+3}
   (You acquired it on level 3 of the Lair of Beasts)

   Str:       It affects your strength (+3).
 N - a +1 chain mail of positive energy (melded)
Jewellery
 b - a +4 ring of protection (left branch)
 m - a ring of see invisible
 n - an amulet of magic regeneration
 p - a +4 ring of evasion (right branch)
 t - a +6 ring of intelligence
 A - a ring of protection from fire
 H - a ring of fire
Wands
 o - a wand of roots (11)
 r - a wand of charming (27)
 T - a wand of flame (13)
Scrolls
 i - 4 scrolls of teleportation
 k - a scroll of butterflies
 B - a scroll of summoning
 G - 3 scrolls of identify
 L - a scroll of poison
 M - 4 scrolls of fear
 P - a scroll of magic mapping
 Q - a scroll of blinking
 R - a scroll of enchant weapon
 S - a scroll of noise {unknown}
Potions
 d - 7 potions of haste
 e - 7 potions of berserk rage
 f - 4 potions of curing
 g - a potion of magic
 j - 2 potions of flight
 x - 2 potions of mutation
 C - 2 potions of lignification
 E - a potion of invisibility {unknown}
 U - a potion of experience {unknown}


   Skills:
 + Level 11.1 Fighting
 + Level 0.3 Short Blades
 + Level 13.6(13.7) Axes
 + Level 2.6(9.2) Polearms
 + Level 1.6 Throwing
 + Level 12.0 Armour
 + Level 4.4 Dodging
 + Level 3.6 Stealth
 + Level 4.6 Shields


You had 12 spell levels left.
You didn't know any spells.
Your spell library was empty.

Dungeon Overview and Level Annotations

Branches:
Dungeon (11/15)            Temple (0/1) D:6            Lair (3/5) D:11
 Spider (0/4) Lair:3          Orc (0/2) D:9         Volcano (1/1)
  Swamp: Lair:2-3    Shoals: Lair:2-3

Altars:
Ashenzari
Cheibriados
Fedhas
Gozag
Nemelex Xobeh
Qazlal
Sif Muna
Vehumet
Yredelemnul
The Shining One

Shops:
D:11 [


Innate Abilities, Weirdness & Mutations

You are a tree.
Your roots penetrate the ground, keeping you stationary.
You cannot be teleported.
You are immune to unholy pain and torment.
Your maximum health is greatly increased.
Your equipment is partially melded.
You are immune to sickness and miasma.
((Your stone body is resilient. (AC +9)))
You are immune to poison.
You resist negative energy. (rN+)
((You are resistant to electric shocks. (rElec)))
You are resistant to unholy torment.
You are immune to petrification.
((You are partially covered in iridescent scales. (AC +2)))
You are robust. (+10% HP)
You are weak. (Str -2)


Message History

* * * LOW HITPOINT WARNING * * *
Unknown command.
Okay, then.
You cannot blink because you are held in place by your roots.
Okay, then.
You are confused.
You feel invigorated.
You are engulfed in blazing flames.
* * * LOW HITPOINT WARNING * * *
You are engulfed in blazing flames.
* * * LOW HITPOINT WARNING * * *
You are engulfed in blazing flames.
Unknown command.
You feel better.
You are engulfed in blazing flames.
* * * LOW HITPOINT WARNING * * *
You feel less invigorated.
You feel better.
You are engulfed in blazing flames.
You feel better.
You are engulfed in blazing flames.
Okay, then.
Your skin crawls.
You feel strong-willed.
You are engulfed in blazing flames.
* * * LOW HITPOINT WARNING * * *
You feel better.
You are confused.
You feel invigorated.
You are engulfed in blazing flames.
Okay, then.
Okay, then.
Unknown command.
Unknown command.
Okay, then.
Unknown command.
You are engulfed in blazing flames.
* * * LOW HITPOINT WARNING * * *
Unknown command.
You are engulfed in blazing flames.
* * * LOW HITPOINT WARNING * * *
Unknown command.
You are engulfed in blazing flames.
You die...

##☼.# #☼... ### #.☼≈○# ####
##### ☼.## ..≈≈.R ##..# #..≈##
☼..## .≈☼☼☼○# ##...###..≈≈##
.≈..## .☼≈☼☼☼☼ ##..≈..#....≈☼#
≈≈≈..# ≈v≈≈≈☼☼##..≈☼☼.'.).)○○#
≈≈≈≈≈°+ #☼♣.≈≈☼☼≈#.)?..≈#
≈≈≈≈#### #########≈≈☼≈≈##[∩..≈#
≈≈###.)###≈##≈#'.##☼#≈##..)..≈#
####.##..≈≈.≈≈.##.#####'...[○≈#
###.###..≈.÷≈..###.###.#....○○#
...## ##.≈≈≈≈.## ##....##..≈≈##
#.## #..≈≈..# ##..####.### ###
##.≈≈.## #### #.# #....# ###


You could see a fire vortex.

Vanquished Creatures
  Gastronok (Lair:2)
  3 hydras
  A centaur warrior (D:9)
  A two-headed ogre (D:10)
  A catoblepas (D:10)
  The ghost of KennyOmg the Cleaver, a novice MiBe of Trog (D:9)
  2 lindwurms (Volcano)
  An oklob plant (D:11)
  A torpor snail (Lair:2)
  2 molten gargoyles (Volcano)
  A rime drake (Lair:3)
  3 kobold demonologists
  6 cane toads
  3 efreet (Volcano)
  2 komodo dragons (Lair:2)
  A troll (D:10)
  A hornet (D:7)
  3 blink frogs (Lair:2)
  3 wraiths
  26 yaks
  2 wyverns
  5 fire elementals (Volcano)
  3 basilisks
  2 steam dragons
  6 vampire mosquitoes
  Edmund (D:4)
  2 acid dragons (D:11)
  5 water moccasins
  2 black bears
  2 ice beasts
  5 orc warriors
  2 ogres
  10 centaurs
  3 kobold brigands
  A phantom (D:7)
  7 bullfrogs
  7 gnoll sergeants
  3 necrophages
  3 earth elementals (Volcano)
  20 wights
  2 scorpions
  6 killer bees
  2 electric eels
  3 howler monkeys
  A lava snake (D:9)
  13 hounds
  3 jellies
  3 orc priests
  A gnoll bouda (D:9)
  5 iguanas
  4 orc wizards
  18 gnolls
  9 adders
  A white imp (D:8)
  A worm (D:3)
  5 dart slugs
  30 orcs
  5 ball pythons
  6 bats
  9 endoplasms
  4 giant cockroaches
  5 goblins
  6 hobgoblins
  9 jackals
  4 quokkas
  A frilled lizard (D:1)
  18 kobolds
  10 rats
  A fire vortex (Volcano)
339 creatures vanquished.

Vanquished Creatures (collateral kills)
  A giant cockroach (D:4)
  2 jackals (D:4)
3 creatures vanquished.

Vanquished Creatures (others)
  An earth elemental (Volcano)
  2 fungi (Lair:1)
  10 plants
13 creatures vanquished.

Grand Total: 355 creatures vanquished

Notes
Turn   | Place    | Note
-------+----------+-------------------------------------------
     0 | D:1      | Gargoyl the Gargoyle Berserker began the quest for the Orb.
     0 | D:1      | Reached XP level 1. HP: 14/14 MP: 1/1
   409 | D:1      | Reached XP level 2. HP: 17/19 MP: 2/2
   491 | D:1      | Reached skill level 3 in Axes
   669 | D:1      | Reached XP level 3. HP: 11/24 MP: 3/3
  1196 | D:1      | Gained mutation: You are robust. (+10% HP) [potion of
                  | mutation]
  1196 | D:1      | Gained mutation: You are weak. (Str -2) [potion of
                  | mutation]
  1196 | D:1      | Gained mutation: You are partially covered in iridescent
                  | scales. (AC +2) [potion of mutation]
  1318 | D:1      | Reached ** piety under Trog
  1671 | D:2      | Found a faded altar of an unknown god.
  1977 | D:2      | Reached XP level 4. HP: 31/31 MP: 4/4
  2519 | D:3      | Found a snail-covered altar of Cheibriados.
  3082 | D:3      | You fall into a shaft and drop 1 floor!
  3317 | D:3      | Reached XP level 5. HP: 36/36 MP: 5/5
  3622 | D:4      | Reached skill level 4 in Axes
  3733 | D:4      | Noticed an ogre
  3746 | D:4      | Killed an ogre
  3747 | D:4      | Reached XP level 6. HP: 9/41 MP: 6/6
  4121 | D:4      | Found a basalt altar of Yredelemnul.
  4127 | D:4      | Noticed Edmund
  4168 | D:4      | Killed Edmund
  4169 | D:4      | Reached skill level 1 in Stealth
  4490 | D:4      | Reached skill level 5 in Axes
  4490 | D:4      | Reached XP level 7. HP: 40/48 MP: 7/7
  4590 | D:4      | Reached *** piety under Trog
  4998 | D:5      | Entered Level 5 of the Dungeon
  5310 | D:5      | Reached skill level 5 in Fighting
  5361 | D:5      | Reached skill level 6 in Axes
  5366 | D:5      | Reached XP level 8. HP: 25/53 MP: 8/8
  5678 | D:5      | Reached skill level 1 in Throwing
  5831 | D:5      | Found a glowing golden altar of the Shining One.
  5831 | D:5      | Found a stormy altar of Qazlal.
  5846 | D:5      | Found a blossoming altar of Fedhas.
  5846 | D:5      | Found a shimmering blue altar of Sif Muna.
  6315 | D:5      | Reached skill level 7 in Axes
  6435 | D:6      | Reached skill level 5 in Armour
  6684 | D:6      | Found a staircase to the Ecumenical Temple.
  7080 | D:6      | Reached XP level 9. HP: 60/60 MP: 9/9
  7449 | D:7      | Noticed a hornet
  7458 | D:7      | Killed a hornet
  7459 | D:7      | Reached skill level 8 in Axes
  8862 | D:8      | Reached skill level 9 in Axes
  8908 | D:8      | Reached XP level 10. HP: 53/69 MP: 10/10
  9313 | D:8      | Reached skill level 10 in Axes
  9592 | D:8      | Found an opulent altar of Gozag.
  9592 | D:8      | Found a sparkling altar of Nemelex Xobeh.
 10234 | D:9      | Found a broken altar of Ashenzari.
 10405 | D:9      | Reached skill level 11 in Axes
 10417 | D:9      | Reached **** piety under Trog
 10418 | D:9      | Reached XP level 11. HP: 68/75 MP: 11/11
 10505 | D:9      | Found a staircase to the Orcish Mines.
 10551 | D:9      | Found a runed translucent door.
 10555 | D:9      | Noticed a centaur warrior
 10556 | D:9      | Noticed KennyOmg's ghost (novice MiBe)
 11209 | D:9      | Found a radiant altar of Vehumet.
 11256 | D:9      | Killed KennyOmg's ghost
 11270 | D:9      | Killed a centaur warrior
 11271 | D:9      | Reached skill level 1 in Shields
 11287 | D:10     | Entered Level 10 of the Dungeon
 11287 | D:10     | Noticed a two-headed ogre
 11299 | D:10     | Killed a two-headed ogre
 11621 | D:10     | Noticed a catoblepas
 11649 | D:10     | Killed a catoblepas
 11813 | D:10     | Reached skill level 12 in Axes
 11909 | D:10     | Noticed a sixfirhy
 12849 | D:11     | Found Oshromnas's Antique Armour Emporium.
 12946 | D:11     | Bought a shiny chain mail for 240 gold pieces
 13001 | D:11     | Reached skill level 10 in Armour
 13043 | D:11     | Reached XP level 12. HP: 82/84 MP: 12/12
 13051 | D:11     | Found a staircase to the Lair.
 13195 | D:11     | Noticed a soul eater
 13535 | Lair:1   | Entered Level 1 of the Lair of Beasts
 13563 | Lair:1   | Reached skill level 10 in Fighting
 13654 | Lair:1   | Noticed a seven-headed hydra
 13678 | Lair:1   | Killed a seven-headed hydra
 14070 | Lair:1   | Reached skill level 1 in Polearms
 14155 | Lair:1   | Noticed a five-headed hydra
 14169 | Lair:1   | Killed a one-headed hydra
 14651 | Lair:2   | Noticed Gastronok
 14682 | Lair:2   | Killed Gastronok
 14683 | Lair:2   | Reached skill level 13 in Axes
 14863 | Lair:2   | Noticed a seven-headed hydra
 14876 | Lair:2   | Killed a one-headed hydra
 16052 | Lair:3   | Identified a scroll of acquirement
 16052 | Lair:3   | Acquired the +2 helmet "Akiutais" {Str+3}
 16073 | Lair:3   | Reached XP level 13. HP: 92/92 MP: 13/13
 16107 | Lair:3   | Found a dark tunnel.
 16135 | Lair:3   | Found a hole to the Spider Nest.
 16272 | Volcano  | Entered a volcano
 17739 | Volcano  | HP: 1/138 [something (13)]
 17749 | Volcano  | Engulfed by a cloud of flame

Illustrated notes

Levels and vault maps discovered:
D:1:      matt_arrival_diagonals, layout_loops_corners, minmay_close_crescents
D:2:      layout_loops_corners, basic_ecumenical_altar
D:3:      layout_loops_corners, kennysheep_slug_shrine
D:4:      layout_basic, mainiacjoe_overflow_brackets, minmay_fractal_squares_5,
          uniq_edmund
D:5:      layout_loops_corners, mainiacjoe_overflow_alcove_3
D:6:      layout_basic, minmay_temple_entry_junction
D:7:      layout_cave_pods, minmay_misc_feat_cross
D:8:      cheibrodos_barr_body, layout_basic, grunt_temple_overflow_opulence
D:9:      layout_big_octagon, cheibrodos_ashenzari_chains, marbit_many_paths,
          serial_gnoll_camp, gnoll_camp_huts_basic, gnoll_camp_mini_basic,
          gnoll_camp_mini_hut, gnoll_camp_mini_house, gnoll_camp_mini_hut,
          gnoll_camp_mini_doghouse, ebering_ghost_inner_flame,
          kennysheep_path_1, grunt_ministairs_12
D:10:     layout_roguey
D:11:     layout_rooms, dpeg_oklobed_lair, serial_shops, shop_fountains,
          evilmike_butchery
Lair:1:   layout_loops_ring
Lair:2:   layout_long_grid, serial_bayou_shore_a, infiniplex_staircase_pool_2,
          uniq_gastronok
Lair:3:   wander_river, layout_hall_layers, minmay_shoals_entry_lonely_mermaid,
          spider_nest_entry_webs, nicolae_volcano_entry_two_sided,
          lemuel_fruit_tree
Volcano:  volcano_aerie

Skill      XL: |  1  2  3  4  5  6  7  8  9 10 11 12 13 |
---------------+----------------------------------------+-----
Axes           | 3 4 5 6 7 9 11 12 13 | 13.6
Dodging        | 2 3 4 |  4.4
Fighting       | 4 5 6 7 8 9 10 11 | 11.1
Armour         | 3 4 5 7 8 10 11 12 | 12.0
Stealth        | 1 2 3 |  3.6
Throwing       | 1 |  1.6
Shields        | 2 3 4 |  4.6
Polearms       | 2 |  2.6
Short Blades   | |  0.3

Action                   |  1- 3 |  4- 6 |  7- 9 | 10-12 | 13-15 || total
-------------------------+-------+-------+-------+-------+-------++-------
Melee: Hand axe          |   109 |   169 |   350 |   812 |   168 ||  1608
       Short sword       |    17 |       |       |       |       ||    17
       Punch             |     1 |     2 |     7 |     4 |       ||    14
       Trident           |       |       |       |    25 |       ||    25
Throw: Dart              |       |     5 |     2 |    10 |       ||    17
Invok: Berserk           |       |     3 |     6 |     8 |     3 ||    20
       Trog's Hand       |       |     1 |     9 |    11 |     7 ||    28
       Brothers in Arms  |       |       |       |     1 |       ||     1
Evoke: Wand              |       |     1 |       |       |       ||     1
  Use: Scroll            |     6 |     4 |    11 |    10 |       ||    31
       Potion            |     1 |       |       |     5 |    14 ||    20
 Stab: Sleeping          |     1 |       |       |       |       ||     1
       Petrified         |       |       |       |     3 |       ||     3
Armor: Animal skin       |    25 |       |       |       |       ||    25
       Ring mail         |    23 |    72 |       |       |       ||    95
       Chain mail        |       |    13 |   187 |   537 |    75 ||   812
       Skin              |       |     1 |       |       |     9 ||    10
Dodge: Dodged            |    71 |   132 |   210 |   555 |    71 ||  1039
Block: Buckler           |       |       |       |   106 |    21 ||   127

Table legend: (Time is in decaauts)
 A = Elapsed time spent in this place.
 B = Non-inter-level travel time spent in this place.
 C = Inter-level travel time spent in this place.
 D = Time resting spent in this place.
 E = Time spent auto-exploring this place.
 F = Levels seen in this place.
 G = Mean time per level.
                   A        B        C        D        E       F      G
               +--------+--------+--------+--------+--------+-----+--------+
         Total |  17725 |  17423 |    302 |   1775 |  12359 |  15 | 1181.7 |
       Dungeon |  13574 |  13363 |    211 |    882 |   9895 |  11 | 1234.0 |
          Lair |   2692 |   2602 |     90 |     43 |   2132 |   3 |  897.3 |
       Volcano |   1458 |   1458 |      0 |    850 |    331 |   1 | 1458.0 |
               +--------+--------+--------+--------+--------+-----+--------+

Top non-repeatable levels by time:
     D:1: 1585 daAuts
     D:4: 1529 daAuts
     D:8: 1491 daAuts
 Volcano: 1458 daAuts
     D:5: 1400 daAuts
  Lair:2: 1368 daAuts
    D:10: 1354 daAuts
     D:9: 1338 daAuts
  Lair:1: 1094 daAuts
     D:3: 1034 daAuts
     D:6: 1029 daAuts
     D:7: 1017 daAuts
     D:2: 912 daAuts
    D:11: 880 daAuts
  Lair:3: 229 daAuts
